 Dungeon Crawl Stone Soup version 0.30.0-10-gfe55d96785 (webtiles) character file.

Game seed: 17014834357045689452

775 Dordric the Firebug (level 7, -2/50 HPs)
             Began as a Hill Orc Fire Elementalist on May 14, 2023.
             Was an Initiate of Zin.
             Shot with an arrow by a centaur (8 damage)
             ... on level 5 of the Dungeon on May 15, 2023.
             The game lasted 00:10:59 (5994 turns).

Dordric the Firebug (Hill Orc Fire Elementalist)    Turns: 5994, Time: 00:10:59

Health: -2/50      AC:  4    Str: 11    XL:     7   Next: 84%
Magic:  7/12       EV: 11    Int: 15    God:    Zin [......]
Gold:   103        SH:  0    Dex: 13    Spells: 0/13 levels left

rFire   . . .        q - +0 long sword
rCold   + . .        (no shield)
rNeg    . . .        g - +0 leather armour
rPois   .            (no helmet)
rElec   .            (no cloak)
rCorr   .            (no gloves)
SInv    .            s - +0 pair of boots
Will    .....        (no amulet)
Stlth   ++           n - ring of wizardry
HPRegen 0.28/turn    o - ring of protection from cold
MPRegen 0.13/turn

%: wizardry (x1)
@: no status effects
A: no striking features
a: Renounce Religion, Donate Gold


You were on level 5 of the Dungeon.
You worshipped Zin.
Zin was noncommittal.
You visited 2 branches of the dungeon, and saw 6 of its levels.

You collected 114 gold pieces.
You donated 11 gold pieces to Zin.

Inventory:

Hand Weapons
 j - a +0 short sword
 k - a +0 mace of draining
 q - a +0 long sword (weapon)
 t - a +0 dagger of holy wrath
Armour
 a - a +0 robe
 g - a +0 leather armour (worn)
 s - a +0 pair of boots (worn)
Jewellery
 n - a ring of wizardry (left hand)
 o - a ring of protection from cold (right hand)
Wands
 B - a wand of flame (21)
Scrolls
 d - 2 scrolls of summoning {unknown}
 e - 5 scrolls of teleportation
 l - a scroll of poison {unknown}
 m - a scroll of enchant weapon {unknown}
 p - 6 scrolls of identify
 r - a scroll of blinking {unknown}
 u - a scroll of fog {unknown}
 w - a scroll of fear {unknown}
 y - 2 scrolls of brand weapon {unknown}
 A - a scroll of enchant armour {unknown}
 C - a scroll of amnesia {unknown}
 D - a scroll of vulnerability {unknown}
Potions
 b - a potion of magic
 c - 5 potions of curing {unknown}
 f - 3 potions of degeneration {unknown}
 h - 2 potions of brilliance {unknown}
 i - a potion of resistance {unknown}
 v - a potion of invisibility {unknown}
 x - a potion of might {unknown}
 z - a potion of heal wounds {unknown}
 E - a potion of flight {unknown}


   Skills:
 + Level 4.6 Long Blades
 - Level 1.5 Dodging
 - Level 1.5 Stealth
 - Level 3.9 Spellcasting
 - Level 1.0 Conjurations
 + Level 6.4 Fire Magic
 + Level 1.8 Invocations


You couldn't memorise any spells.
You knew the following spells:

 Your Spells              Type           Power      Damage    Failure   Level
a - Foxfire               Conj/Fire      56%        2x1d6     2%          1
b - Scorch                Fire           44%        2d6       1%          2
c - Inner Flame           Hex/Fire       12%        N/A       8%          3
d - Volatile Blastmotes   Fire/Tloc      24%        2d12      8%          3
e - Flame Wave            Conj/Fire      14%        2d6       21%         4

Your spell library contained the following spells:

 Spells                   Type           Power      Damage    Failure   Level
 Static Discharge         Conj/Air       8%         2-3/arc   12%         2
 Ensorcelled Hibernation  Hex/Ice        4%         N/A       16%         2
 Passwall                 Tmut/Erth      1%         N/A       16%         2
 Swiftness                Air            2%         N/A       28%         3
 Airstrike                Air            1%         2d(1-17)  65%         4
 Summon Lightning Spire   Summ/Air       2%         N/A       65%         4


Dungeon Overview and Level Annotations

Branches:
Dungeon (5/15)             Temple (1/1) D:4

Altars:
Ashenzari
Cheibriados
Dithmenos
Gozag
Hepliaklqana
Okawaru
Qazlal
Ru
Trog
Vehumet
Xom
Yredelemnul
Zin
The Shining One

Shops:
D:2 !   D:5 [


Message History

The hound barks!
The hound is moderately wounded.
The hound's fire resistance burns away.
The hound barely misses you.
Casting: Scorch (safe; 1% risk of failure)
Confirm with . or Enter, or press ? or * to list all spells.
Flames lash the hound.
The hound is burned terribly!
You kill the hound!
You see here a hound corpse.
Found a leather armour.
Found a stone staircase leading down.
E - a glowing brown potion
There is a stone staircase leading down here.
A centaur comes into view.
The centaur shouts!
The centaur wields a +0 shortbow.
The centaur shoots an arrow.
The arrow hits you!
The centaur shoots an arrow.
The arrow barely misses you.
A centaur is nearby!
A centaur is nearby!
Casting: Scorch (safe; 1% risk of failure)
Confirm with . or Enter, or press ? or * to list all spells.
A cloud of volatile blastmotes flares up around you!
The centaur shoots an arrow.
The arrow closely misses you.
Casting: Volatile Blastmotes (dangerous; 8% risk of failure)
Confirm with . or Enter, or press ? or * to list all spells.
Aiming: Inner Flame (dangerous; 8% risk of failure)
Press: ? - help, Dir - move target, f - centaur
Aim: a centaur, wielding a +0 shortbow and quivering stones (chance to affect: 64%)
The centaur struggles to resist.
The centaur shoots an arrow.
The arrow hits you!
The centaur shoots an arrow.
The arrow barely misses you.
The centaur shoots an arrow.
The arrow hits you.
The centaur shoots an arrow.
The arrow hits you.
The cloud of blastmotes explodes!
The concussive blast engulfs the centaur!
The centaur is moderately wounded.
The centaur shoots an arrow.
The arrow hits you.
The centaur shoots an arrow.
The arrow hits you!
* * * LOW HITPOINT WARNING * * *
The centaur shoots an arrow.
The arrow hits you!
You die...

#.#
######.########
#.# #.# #.# #.#
#.# #. #.#
#.#######
#.......#
#.#######>####
#....@....c..#
############.#
... .### .# .#
c# .#


You could see a centaur.

Vanquished Creatures
  An orc warrior (D:5)
  A black bear (D:4)
  An ogre (D:5)
  A phantom (D:4)
  A scorpion (D:4)
  2 hounds
  An orc priest (D:4)
  2 iguanas (D:4)
  3 orc wizards
  8 adders
  2 worms (D:2)
  A dart slug (D:5)
  8 orcs
  10 endoplasms
  4 giant cockroaches
  8 goblins
  4 hobgoblins
  6 jackals
  4 quokkas
  5 ball pythons
  A bat (D:1)
  A frilled lizard (D:2)
  7 kobolds
  3 rats
85 creatures vanquished.

Vanquished Creatures (others)
  113 foxfires
113 creatures vanquished.

Grand Total: 198 creatures vanquished

Notes
Turn   | Place    | Note
-------+----------+-------------------------------------------
     0 | D:1      | Dordric the Hill Orc Fire Elementalist began the quest for
                  | the Orb.
     0 | D:1      | Reached XP level 1. HP: 14/14 MP: 3/3
   399 | D:1      | Reached XP level 2. HP: 20/20 MP: 2/4
  1258 | D:2      | Found Boezu's Distillery.
  1263 | D:2      | Learned a level 2 spell: Scorch
  1442 | D:2      | Reached skill level 4 in Fire Magic
  1442 | D:2      | Reached XP level 3. HP: 26/26 MP: 0/6
  1936 | D:2      | Found a faded altar of an unknown god.
  1990 | D:2      | Learned a level 3 spell: Inner Flame
  2203 | D:3      | Reached XP level 4. HP: 33/33 MP: 1/7
  2770 | D:3      | Found a sacrificial altar of Ru.
  2869 | D:3      | Reached skill level 1 in Long Blades
  3239 | D:4      | Found a staircase to the Ecumenical Temple.
  3299 | Temple   | Entered the Ecumenical Temple
  3495 | Temple   | Became a worshipper of Zin the Law-Giver
  3610 | D:4      | Reached XP level 5. HP: 38/38 MP: 4/9
  3663 | D:4      | Reached * piety under Zin
  3685 | D:4      | Noticed a black bear
  3781 | D:4      | Reached skill level 5 in Fire Magic
  3781 | D:4      | Noticed a phantom
  3851 | D:4      | Killed a phantom
  3852 | D:4      | Reached XP level 6. HP: 24/45 MP: 10/10
  4636 | D:4      | Killed a black bear
  4637 | D:4      | Reached XP level 7. HP: 44/50 MP: 1/12
  5004 | D:4      | Reached skill level 6 in Fire Magic
  5334 | D:5      | Entered Level 5 of the Dungeon
  5542 | D:5      | Learned a level 3 spell: Volatile Blastmotes
  5547 | D:5      | Learned a level 4 spell: Flame Wave
  5621 | D:5      | Found Hiarail's Antique Armour Boutique.
  5693 | D:5      | Reached skill level 1 in Invocations
  5994 | D:5      | Shot with an arrow by a centaur

Illustrated notes

Levels and vault maps discovered:
D:1:      minmay_arrival_open_corners, layout_basic
D:2:      layout_rooms, serial_shops, nicolae_shop_industrial_runoff,
          hellmonk_ecumenical_altar_prayer_group, minmay_misc_feat_five
D:3:      layout_basic, nicolae_ru_path_of_blood
D:4:      layout_loops_ring, minmay_temple_entry_mini_moons
D:5:      layout_basic, serial_shops,
          nicolae_shop_temple_entry_statues_fountains, shop,
          ebering_ghost_rock_garden, uniq_ijyb
Temple:   compressed_dpeg_triangle_lava_temple

Skill      XL: |  1  2  3  4  5  6  7 |
---------------+----------------------+-----
Spellcasting   | 2 3 |  3.9
Fire Magic     | 4 5 6 |  6.4
Long Blades    | 1 2 3 4 |  4.6
Invocations    | 1 |  1.8
Dodging        | |  1.5
Stealth        | |  1.5
Conjurations   | |  1.0

Action                     |  1- 3 |  4- 6 |  7- 9 || total
---------------------------+-------+-------+-------++-------
  Melee: Unarmed           |    23 |       |       ||    23
         Mace              |    17 |       |       ||    17
         Short sword       |     1 |       |       ||     1
         Long sword        |    26 |    59 |    29 ||   114
         Punch             |       |       |     2 ||     2
   Cast: Foxfire           |    44 |    25 |     5 ||    74
         Scorch            |    12 |    21 |    10 ||    43
         Inner Flame       |       |     9 |     7 ||    16
         Volatile Blastmot |       |       |     6 ||     6
    Use: Scroll            |       |     2 |       ||     2
 Armour: Robe              |     3 |       |       ||     3
         Leather armour    |    23 |    32 |    23 ||    78
  Dodge: Dodged            |    56 |    40 |    25 ||   121
